 Dungeon Crawl Stone Soup version 0.28-a0-662-g1651b1f1e0 (webtiles) character file.

Game seed: 1511424981421175232

0 nukaronaldo the Slasher (level 1, -2/21 HPs)
             Began as a Naga Berserker on Oct 15, 2021.
             Was a Follower of Trog.
             Slain by a kobold (4 damage)
             ... on level 1 of the Dungeon.
             The game lasted 00:00:39 (163 turns).

nukaronaldo the Slasher (Naga Berserker)             Turns: 163, Time: 00:00:40

Health: -2/21      AC:  1    Str: 19    XL:     1   Next: 10%
Magic:  1/1        EV:  9    Int:  7    God:    Trog [*.....]
Gold:   7          SH:  0    Dex: 10    Spells: 0/0 levels left

rFire   . . .      SeeInvis +   a - +0 falchion
rCold   . . .      Faith    .   (no shield)
rNeg    . . .      Spirit   .   b - +0 animal skin
rPois   +          Reflect  .   (no helmet)
rElec   .          Harm     .   (no cloak)
rCorr   .          Rampage  .   (no gloves)
Will    .....                   (no barding)
Stlth   +.........              (no amulet)
HPRegen 0.07/turn               (no ring)
MPRegen 0.07/turn               (no ring)

@: very slow
A: AC +0, large, see invisible, deformed body, poison resistance, slowness 2,
spit poison 1, naga tail 1
a: Spit Poison, Renounce Religion, Berserk


You were on level 1 of the Dungeon.
You worshipped Trog.
Trog was aware of your devotion.
You visited 1 branch of the dungeon, and saw 1 of its levels.

You collected 7 gold pieces.

Inventory:

Hand Weapons
 a - a +0 falchion (weapon)
Armour
 b - a +0 animal skin (worn)
Scrolls
 c - a scroll of summoning {unknown}


   Skills:
 + Level 3.0 Fighting
 + Level 3.0 Long Blades
 + Level 1.5 Armour
 + Level 1.5 Dodging


You couldn't memorise any spells.
You didn't know any spells.
Your spell library was empty.

Dungeon Overview and Level Annotations

Branches:
Dungeon (1/15)

Altars:


Innate Abilities, Weirdness & Mutations

Your serpentine skin is tough. (AC +0)
You have supernaturally acute eyesight. (SInv)
Armour fits poorly on your strangely shaped body.
Your system is resistant to poisons. (rPois)
You cover ground very slowly.
You can spit poison.
You have a snake-like lower body.


Message History

The frilled lizard barely misses you. The frilled lizard bites you.
The frilled lizard bites you.
You hit the frilled lizard but do no damage.
The frilled lizard bites you.
You slash the frilled lizard!
You kill the frilled lizard!
Trog accepts your kill.
You start resting.
HP restored.
You open the door.
Found a sedimented brown potion and a red potion.
A bat comes into view.
There is an open door here.
A kobold comes into view. It is wielding a +0 whip.
The bat hits you. The bat hits you but does no damage.
You hit the bat but do no damage. The bat closely misses you.
You closely miss the bat.
The kobold shouts!
The bat hits you. The bat hits you but does no damage.
A rat comes into view.
The bat barely misses you. The bat closely misses you.
You hit the bat but do no damage. The bat closely misses you.
The bat hits you but does no damage. The bat hits you.
You closely miss the kobold. The bat hits you.
The kobold hits you with a +0 whip.
You hit the kobold but do no damage. The bat hits you but does no damage.
The kobold hits you with a +0 whip. The bat hits you but does no damage.
The kobold hits you with a +0 whip.
You closely miss the kobold. The bat hits you. The rat bites you.
* * * LOW HITPOINT WARNING * * *
The kobold hits you with a +0 whip.
* * * LOW HITPOINT WARNING * * *
You closely miss the kobold. The bat misses you.
The rat twitches its whiskers.
The rat bites you.
* * * LOW HITPOINT WARNING * * *
The kobold hits you with a +0 whip.
You die...

#..... .#.....#
#.......# .##
#.......######...
#.......#........ #
#................
#.
#.#......r!......
#.##.#.# #@Kb......
#....#†####......##
##........'......#
#.....####.....!#
#.....## #......#
#####..###......#
#..8############
#..............#
#..8##...#####.#


You could see a bat, a kobold and a rat.

Vanquished Creatures
  A frilled lizard (D:1)
1 creature vanquished.

Notes
Turn   | Place    | Note
-------+----------+-------------------------------------------
     0 | D:1      | nukaronaldo the Naga Berserker began the quest for the Orb.
     0 | D:1      | Reached XP level 1. HP: 21/21 MP: 1/1
   163 | D:1      | Slain by a kobold

Illustrated notes

Levels and vault maps discovered:
D:1:      psy_arrival_basics, layout_basic,
          shapermc_ecumenical_altar_totnotflames

Action                   || total
-------------------------++-------
Melee: Falchion          ||     9
Armor: Animal skin       ||     5
Dodge: Dodged            ||     8

Table legend: (Time is in decaauts)
 A = Elapsed time spent in this place.
 B = Non-inter-level travel time spent in this place.
 C = Inter-level travel time spent in this place.
 D = Time resting spent in this place.
 E = Time spent auto-exploring this place.
 F = Levels seen in this place.
 G = Mean time per level.
                   A        B        C        D        E       F      G
               +--------+--------+--------+--------+--------+-----+--------+
         Total |    191 |    191 |      0 |     85 |      0 |   1 |  191.0 |
       Dungeon |    191 |    191 |      0 |     85 |      0 |   1 |  191.0 |
               +--------+--------+--------+--------+--------+-----+--------+

Top non-repeatable levels by time:
     D:1: 191 daAuts
